 Dungeon Crawl Stone Soup version 0.12.3 (webtiles) character file.

147 DungeonMaster the Sneak (level 3, -1/18 HPs)
             Began as a Spriggan Assassin on July 10, 2022.
             Slain by an orc
             ... wielding a -1,+0 orcish dagger
              (3 damage)
             ... on Level 3 of the Dungeon.
             The game lasted 00:04:45 (947 turns).

DungeonMaster the Sneak (Spriggan Assassin)          Turns: 947, Time: 00:04:46

HP  -1/18        AC  3     Str  7      XL: 3   Next: 50%
MP   5/5         EV 17     Int 12      God:
Gold 99          SH  0     Dex 18      Spells:  0 memorised,  2 levels left

Res.Fire  : . . .   See Invis. : +   r - +3,+1 dwarf dagger
Res.Cold  : . . .   Warding    : .   c - +0 robe
Life Prot.: . . .   Conserve   : .   (shield restricted)
Res.Poison: .       Res.Corr.  : .   (helmet restricted)
Res.Elec. : .       Clarity    : .   d - +0 cloak
Sust.Abil.: . .     Spirit.Shd : .   (gloves unavailable)
Res.Mut.  : .       Stasis     : .   (boots unavailable)
Res.Rott. : .       Ctrl.Telep.: .   (no amulet)
Saprovore : . . .   Flight     : .   (no ring)
                                     (no ring)

@: very quick, slightly resistant to hostile enchantments, very stealthy
A: unfitting armour, see invisible, herbivore 3, speed 3, slow metabolism 2
a: no special abilities


You were on level 3 of the Dungeon.
You were not hungry.

You visited 1 branch of the dungeon, and saw 3 of its levels.

You collected 49 gold pieces.

Inventory:

Hand weapons
 a - a +2,+2 dagger {=f}
 b - a +0 blowgun
 k - a +1,+0 elven short sword
 r - a +3,+1 dwarven dagger (weapon)
 t - a +0,+1 hand axe of returning (quivered)
Missiles
 e - 8 poisoned needles
 f - 2 curare-tipped needles
 l - 15 darts
 m - 34 stones
 o - 14 exploding darts
Armour
 c - a +0 robe (worn)
 d - a +0 cloak (worn)
Comestibles
 h - 3 apricots
 p - 3 bread rations
Potions
 g - a potion of porridge
 i - a potion of curing {unknown}
 j - a potion of heal wounds {unknown}
 n - a potion of speed


   Skills:
 - Level 1.5 Fighting
 - Level 2.1 Short Blades
 - Level 2.1 Throwing
 - Level 1.5 Dodging
 * Level 6.1 Stealth
 * Level 4.2 Stabbing


You had 2 spell levels left.
You didn't know any spells.

Dungeon Overview and Level Annotations

Branches:
Dungeon (3/27)

Altars:
Xom


Innate Abilities, Weirdness & Mutations

You are tiny and cannot use many weapons and most armour.
You have supernaturally acute eyesight.
You are a herbivore.
You cover ground extremely quickly.
You need consume almost no food.


Message History

The orc is severely wounded.
The orc hits you with an orcish dagger.
* * * LOW HITPOINT WARNING * * *
You closely miss the orc.
The orc is severely wounded.
The orc closely misses you.
A giant cockroach comes into view.
Found a dwarven cloak.
Throwing (i - inventory. (,) - cycle):
l - 16 darts (quivered)
Press: ? - help, Shift-Dir - straight line, f/p - orc
Aim: an orc, wielding an orcish dagger and wearing an orcish leather armour (severely wounded)
You throw a dart. The dart hits the orc.
The orc is severely wounded.
The orc closely misses you.
You hit the orc but do no damage.
The orc is severely wounded.
You closely miss the orc.
The orc is severely wounded.
The orc hits you with an orcish dagger.
You die...

###.##.##.#
#.##.......#.....#
#.##.##..>..####...##.#######
# #.##.####.###
#...#...###...
####.#.#.####.#
#####......... #[..#
#.......# ##...###.## ...##
##.###### #.....##.##
###.###....# #....(((...
###..#.###.#
#########.....##.##
.......<..#.#
#.@o(.((....(###.#
.##...####.## #.############
#.# .###.## ## #. #.# .....#
#[ #.# .##..# #. #.# .##..#
#s ###.## .##..# #. #.....
###..# #. #.#... .... .
#..o..


You could see an orc and a giant cockroach.

Vanquished Creatures
  A gnoll (D:1)
  An adder (D:2)
  An ooze (D:3)
  An orc (D:3)
  A ball python (D:3)
  3 giant cockroaches
  2 hobgoblins (D:1)
  3 bats
  2 giant geckos (D:2)
  2 giant newts
  4 goblins
  2 kobolds (D:1)
  2 rats
25 creatures vanquished.

Notes
Turn   | Place    | Note
--------------------------------------------------------------
     0 | D:1      | DungeonMaster, the Spriggan Assassin, began the quest for the Orb.
     0 | D:1      | Reached XP level 1. HP: 10/10 MP: 1/1
   133 | D:1      | Reached skill level 5 in Stealth
   133 | D:1      | Reached XP level 2. HP: 14/14 MP: 3/3
   493 | D:2      | Reached skill level 6 in Stealth
   493 | D:2      | Reached XP level 3. HP: 15/18 MP: 5/5
   647 | D:3      | Found a shimmering altar of Xom.
   947 | D:3      | Slain by an orc

Action                   || total
-------------------------++-------
Melee: Dagger            ||    87
Throw: Dart              ||    12
  Use: Scroll            ||     4
 Stab: Sleeping          ||     7
